Map: [ESL] Tropical Sacrifice

Players

Elazer - Winner!

  • Race: Zerg Zerg
  • Spawn Location: 1:00

NightPhoenix

  • Race: Protoss Protoss
  • Spawn Location: 7:00

Event: DreamHack SC2 Masters 2022 Valencia

VOD

Have the link to the VOD?

Description

Time

  • Played on: July 1, 2022, 9:07 a.m.
  • Length: 10:08

All games in this series

Show
View Real Time Build Order
Export as new Build Order

Elazer Zerg - Winner!

Build Orders: Hatch First 

Get SALT Encoding   

  12  0:00  Drone  
  13  0:13  Overlord  
  13  0:17  Drone  
  14  0:31  Drone x2  
  16  0:51  Hatchery  
  16  0:52  Drone  
  16  0:56  Drone  
  17  0:59  Drone  
  18  1:10  Extractor  
  17  1:16  Spawning Pool  
  16  1:20  Drone  
  16  1:24  Drone  
  18  1:39  Hatchery  
  18  1:42  Drone x2  
  20  1:55  Overlord  
  20  2:03  Queen  
  22  2:14  Zergling x2  
  23  2:16  Drone  
  24  2:23  Zergling x2  
  24  2:26  Metabolic Boost  
  25  2:33  Zergling x2  
  26  2:43  Hatchery  
  25  2:45  Zergling x2  
  25  2:48  Queen  
  28  2:52  Zergling x2  
  29  2:58  Zergling x2  
  29  3:02  Zergling x2  
  31  3:08  Zergling x2  
  32  3:13  Zergling x2  
  32  3:18  Zergling x2  
  35  3:27  Zergling x2  
  35  3:33  Queen  
  34  3:39  Overlord  
  33  3:56  Drone x2  
  33  3:58  Drone x2  
  36  4:06  Drone x3  
  36  4:09  Drone  
  38  4:12  Zergling x2  
  37  4:17  Zergling x2  
  37  4:24  Zergling x2  
  37  4:27  Evolution Chamber  
  36  4:37  Drone x4  
  37  4:44  Drone  
  38  4:56  Queen  
  38  4:58  Drone x4  
  44  5:00  Overlord  
  44  5:06  Hatchery  
  43  5:08  Drone  
  44  5:18  Overlord  
  44  5:19  Drone x4  
  48  5:22  Drone  
  48  5:26  Queen  
  51  5:31  Drone  
  52  5:36  Overlord  
  49  5:45  Drone x6  
  49  5:48  Drone  
  56  5:55  Queen  
  56  5:56  Drone x4  
  62  6:02  Spore Crawler  
  61  6:07  Drone x2  
  61  6:10  Overlord  
  63  6:12  Drone  
  63  6:13  Drone  
  63  6:15  Roach Warren  
  63  6:18  Overlord  
  64  6:22  Queen  
  64  6:24  Drone  
  64  6:25  Drone  
  68  6:26  Drone  
  69  6:34  Overlord  
  69  6:35  Drone x3  
  69  6:38  Lair  
  71  6:45  Drone x5, Extractor  
  71  6:46  Extractor  
  74  6:47  Evolution Chamber, Overlord  
  74  6:53  Drone x5  
  77  7:02  Queen  
  77  7:04  Zergling x10  
  85  7:08  Drone  
  85  7:12  Overlord  
  85  7:20  Roach x6  
  85  7:22  Queen  
  99  7:24  Zerg Missile Weapons Level 1  
  99  7:28  Roach x3  
  105  7:30  Overlord  
  105  7:32  Roach x2  
  105  7:35  Glial Reconstitution  
  109  7:39  Overlord  
  109  7:45  Hatchery  
  109  7:47  Extractor x2  
  109  7:49  Roach x3  
  111  7:53  Roach x2  
  111  7:56  Overlord  
  111  7:58  Roach  
  117  8:12  Roach x6  
  129  8:18  Roach x4  
  136  8:24  Overlord  
  136  8:26  Roach x2  
  137  8:39  Overlord x3  
  137  8:40  Extractor  
  136  8:44  Overlord  
  136  8:45  Roach x5  
  146  8:52  Overseer  
  146  8:57  Hatchery  
  146  8:58  Roach x5  
  146  9:02  Roach x2  
  159  9:08  Roach x3  
  165  9:13  Roach x2  
  169  9:22  Roach x5  
  179  9:30  Drone x4  
  183  9:35  Drone  
  183  9:36  Overlord x2  
Show
View Real Time Build Order
Export as new Build Order

NightPhoenix Protoss 

Build Orders:  

Get SALT Encoding   

  12  0:00  Probe  
  13  0:12  Probe  
  14  0:20  Pylon  
  14  0:24  Probe  
  15  0:38  Probe  
  15  0:42  Gateway  
  16  0:50  Probe  
  16  0:54  Forge  
  17  1:02  Probe  
  18  1:13  Pylon  
  18  1:22  Pylon  
  18  1:25  Pylon  
  18  1:27  Zealot (Chrono Boost)  
  20  1:34  Photon Cannon  
  20  1:39  Probe  
  21  1:41  Assimilator  
  21  1:46  Zealot  
  21  1:52  Cybernetics Core  
  21  1:53  Probe  
  24  2:08  Probe  
  25  2:10  Pylon  
  25  2:21  Nexus  
  25  2:30  Photon Cannon  
  25  2:34  Adept (Chrono Boost)  
  27  2:40  Probe  
  28  2:49  Assimilator  
  28  2:57  Photon Cannon  
  28  3:04  Adept  
  30  3:10  Pylon, Probe  
  30  3:35  Probe x2  
  30  3:38  Stargate  
  32  3:44  Warp Gate  
  32  3:45  Stalker (Chrono Boost)  
  32  3:47  Probe x2  
  36  3:57  Shield Battery  
  36  3:59  Probe  
  32  4:11  Probe  
  32  4:15  Probe  
  33  4:23  Probe  
  34  4:34  Oracle (Chrono Boost)  
  36  4:39  Probe x2  
  33  4:51  Probe x2  
  35  5:03  Probe (Chrono Boost), Oracle (Chrono Boost)  
  35  5:04  Probe (Chrono Boost), Assimilator  
  40  5:14  Probe x2 (Chrono Boost)  
  42  5:17  Twilight Council  
  42  5:18  Probe (Chrono Boost)  
  43  5:22  Probe  
  43  5:27  Pylon  
  44  5:29  Probe  
  44  5:34  Probe  
  46  5:45  Oracle, Probe  
  46  5:47  Probe  
  46  5:48  Resonating Glaives (Chrono Boost)  
  46  5:49  Assimilator  
  51  5:50  Pylon  
  51  5:57  Probe  
  51  6:01  Pylon  
  52  6:05  Probe  
  52  6:10  Probe  
  54  6:13  Robotics Facility  
  54  6:17  Probe  
  55  6:22  Probe  
  56  6:26  Gateway  
  56  6:29  Probe  
  56  6:31  Gateway  
  57  6:33  Gateway  
  57  6:35  Gateway  
  57  6:38  Gateway  
  57  6:45  Protoss Ground Weapons Level 1 (Chrono Boost)  
  57  6:49  Pylon  
  59  7:01  Warp Prism  
  61  7:11  Adept  
  61  7:24  Nexus, Adept  
  61  7:25  Pylon  
  61  7:28  Pylon x2, Adept  
  65  7:30  Adept x2  
  65  7:35  Adept  
  71  7:37  Adept  
  73  7:47  Immortal (Chrono Boost)  
  77  7:59  Probe x2  
  78  8:21  Adept x5  
  78  8:22  Adept  
  78  8:24  Probe x2, Immortal (Chrono Boost)  
  93  8:36  Probe x2 (Chrono Boost)  
  93  8:37  Probe (Chrono Boost)  
  93  8:39  Robotics Bay  
  96  8:48  Probe x2 (Chrono Boost)  
  98  8:49  Probe (Chrono Boost)  
  99  8:57  Probe x3 (Chrono Boost), Immortal (Chrono Boost)  
  99  9:02  Shield Battery  
  106  9:06  Probe x2, Shield Battery  
  108  9:23  Probe x2  
  110  9:27  Probe  
  117  9:41  Probe x2  
  117  9:42  Probe  
  115  9:47  Pylon  
  115  9:48  Pylon x2  
  115  9:50  Pylon  
  115  9:52  Stalker  
  112  9:53  Stalker  
  112  9:58  Stalker  
  112  9:59  Sentry x2  

Tags
 
Add a new tag
Caveats
  • Supply blocks, unpowered buildings, or Contaminate may cause inaccurate times.
  • Supply counts are checked every 10 seconds.